PBL
VICTORIA CAPITALS @ MADISON BREWERS
09/24/2045
 
TOP OF THE 1ST
Victoria Capitals batting - Pitching for Madison Brewers : RHP Alfredo Sena
Pitching: RHP Alfredo Sena
Batting: RHB Julian Gregory 0-0: Fly out, F8 (Flyball, 8LD, EV 90.6 MPH)
Batting: RHB Enrique Valdez 0-0: Called Strike
0-1: Foul Ball, location: 2F
0-2: SINGLE (Groundball, 25, EV 61.9 MPH) (infield hit)
Batting: RHB Mike Conaway 0-0: Ball
Enrique Valdez steals 2nd base
1-0: Ball
2-0: Ball
3-0: Base on Balls
Batting: SHB Ray Skogen 0-0: Foul Ball, location: 2F
0-1: Fly out, F8 (Line Drive, 8RD, EV 102.5 MPH)
Batting: LHB Addisu Nyamekye 0-0: Ball
1-0: Foul Ball, location: 2F
1-1: Fly out, F8 (Line Drive, 8RM, EV 93.1 MPH)
Top of the 1st over - 0 runs, 1 hit, 0 errors, 2 left on base; Victoria 0 - Madison 0
BOTTOM OF THE 1ST
Madison Brewers batting - Pitching for Victoria Capitals : LHP Andy Mathis
Pitching: LHP Andy Mathis
Batting: RHB Chris Maul 0-0: Called Strike
0-1: Called Strike
0-2: Ball
1-2: Foul Ball, location: 2F
1-2: TRIPLE (Flyball, 89XD, EV 107.5 MPH)
Batting: LHB Jason Raker 0-0: Foul Ball, location: 2F
0-1: Ball
1-1: Swinging Strike
1-2: Ball
2-2: Ball
3-2: Foul Ball, location: 2F
3-2: Strikes out swinging
Batting: LHB Adam Hill 0-0: Called Strike
0-1: Ball
1-1: Foul Ball, location: 2F
1-2: Ball
2-2: SINGLE (Line Drive, 3D, EV 96.2 MPH)
Chris Maul scores
Batting: LHB Tyler Francis 0-0: Called Strike
0-1: Called Strike
0-2: Strikes out swinging
Batting: SHB Justin Hensley 0-0: Swinging Strike
0-1: Ball
1-1: Swinging Strike
1-2: Strikes out looking
Bottom of the 1st over - 1 run, 2 hits, 0 errors, 1 left on base; Victoria 0 - Madison 1
TOP OF THE 2ND
Victoria Capitals batting - Pitching for Madison Brewers : RHP Alfredo Sena
Batting: RHB Kinzo Yokoyama 0-0: Ball
1-0: Ball
2-0: Ball
3-0: Base on Balls
Batting: RHB Jose Zuniga 0-0: Ball
1-0: Called Strike
1-1: Ball
2-1: Swinging Strike
2-2: Grounds into double play, 5-4-3 (Groundball, 5, EV 88.1 MPH)
Batting: RHB Victor Ramirez 0-0: Foul Ball, location: 2F
0-1: Ball
1-1: Swinging Strike
1-2: Ground out 4-3 (Groundball, 4M, EV 105.6 MPH)
Top of the 2nd over - 0 runs, 0 hits, 0 errors, 0 left on base; Victoria 0 - Madison 1
BOTTOM OF THE 2ND
Madison Brewers batting - Pitching for Victoria Capitals : LHP Andy Mathis
Batting: RHB Dan Allred 0-0: Fly out, F7 (Flyball, 78M, EV 85.6 MPH)
Batting: RHB Herb McIntyre 0-0: Called Strike
0-1: Swinging Strike
0-2: Ball
1-2: Ball
2-2: Ball
3-2: Fly out, F8 (Flyball, 8LS, EV 96.9 MPH)
Batting: RHB Steve Errico 0-0: Ball
1-0: Ball
2-0: Called Strike
2-1: SINGLE (Groundball, 25, EV 62.5 MPH) (infield hit)
Batting: RHB Jesus Menjivar 0-0: Ball
1-0: Ball
2-0: Swinging Strike
2-1: Called Strike
2-2: Ball
3-2: Strikes out swinging
Bottom of the 2nd over - 0 runs, 1 hit, 0 errors, 1 left on base; Victoria 0 - Madison 1
TOP OF THE 3RD
Victoria Capitals batting - Pitching for Madison Brewers : RHP Alfredo Sena
Batting: RHB David Greene 0-0: Foul Ball, location: 2F
0-1: DOUBLE (Groundball, 3L, EV 105.0 MPH)
Batting: RHB Julian Gregory 0-0: Ball
1-0: Called Strike
1-1: Called Strike
1-2: Ball
2-2: Fly out, F9 (Flyball, 89M, EV 91.9 MPH)
Batting: RHB Enrique Valdez 0-0: Foul Ball, location: 2F
0-1: Called Strike
0-2: Fly out, F6 (Flyball, 4MD, EV 90.0 MPH)
Batting: RHB Mike Conaway 0-0: Ball
1-0: Fly out, F8 (Line Drive, 8RM, EV 93.1 MPH)
Top of the 3rd over - 0 runs, 1 hit, 0 errors, 1 left on base; Victoria 0 - Madison 1
BOTTOM OF THE 3RD
Madison Brewers batting - Pitching for Victoria Capitals : LHP Andy Mathis
Batting: RHB Chris Maul 0-0: Called Strike
0-1: Foul Ball, location: 2F
0-2: Foul Ball, location: 2F
0-2: Ball
1-2: Ball
2-2: Ball
3-2: Foul Ball, location: 2F
3-2: Ground out 6-3 (Groundball, 6, EV 93.1 MPH)
Batting: LHB Jason Raker 0-0: Ball
1-0: Ball
2-0: Called Strike
2-1: Ground out 6-3 (Groundball, 56, EV 100.6 MPH)
Batting: LHB Adam Hill 0-0: Reached on error, E7 (Line Drive, 7, EV 90.6 MPH)
Batting: LHB Tyler Francis 0-0: Ball
1-0: Ball
2-0: Ground out 3-1 (Groundball, 34S, EV 83.1 MPH)
Bottom of the 3rd over - 0 runs, 0 hits, 1 error, 1 left on base; Victoria 0 - Madison 1
TOP OF THE 4TH
Victoria Capitals batting - Pitching for Madison Brewers : RHP Alfredo Sena
Batting: SHB Ray Skogen 0-0: SOLO HOME RUN (Flyball, 7D, EV 96.2 MPH), Distance : 374 ft
Batting: LHB Addisu Nyamekye 0-0: Called Strike
0-1: Foul Ball, location: 2F
0-2: Ball
1-2: Ball
2-2: Foul Ball, location: 2F
2-2: Ball
3-2: Base on Balls
Batting: RHB Kinzo Yokoyama 0-0: Ball
1-0: Ball
2-0: Ball
3-0: Base on Balls
Addisu Nyamekye to second
Batting: RHB Jose Zuniga 0-0: Ball
1-0: Ball
2-0: Ball
3-0: Base on Balls
Addisu Nyamekye to third
Kinzo Yokoyama to second
Batting: RHB Victor Ramirez 0-0: SINGLE (Groundball, 6S, EV 70.6 MPH) (infield hit)
Addisu Nyamekye scores
Kinzo Yokoyama to third
Jose Zuniga to second
Batting: RHB David Greene 0-0: Ball
1-0: Foul Ball, location: 2F
1-1: Ball
2-1: Called Strike
2-2: Foul Ball, location: 2F
2-2: Foul Ball, location: 2F
2-2: Foul Ball, location: 2F
2-2: SINGLE (Groundball, 5S, EV 73.8 MPH) (infield hit)
Kinzo Yokoyama scores
Jose Zuniga to third
Victor Ramirez to second
Pitching: RHP Nick Moore
Batting: RHB Julian Gregory 0-0: Called Strike
0-1: Fly out, F8 (Flyball, 8LM, EV 84.4 MPH)
Runner from 3rd tags up, SCORES, throw by CF
Batting: RHB Enrique Valdez 0-0: Called Strike
0-1: Ball
1-1: Foul Ball, location: 2F
Balk!
Victor Ramirez to third
David Greene to second
1-2: Fly out, F8 (Flyball, 8LXD, EV 90.6 MPH)
Runner from 3rd tags up, SCORES, no throw by CF
David Greene to third
Batting: RHB Mike Conaway 0-0: Called Strike
0-1: Ball
1-1: Foul Ball, location: 2F
1-2: Ground out 6-3 (Groundball, 6M, EV 82.5 MPH)
Top of the 4th over - 5 runs, 3 hits, 0 errors, 1 left on base; Victoria 5 - Madison 1
BOTTOM OF THE 4TH
Madison Brewers batting - Pitching for Victoria Capitals : LHP Andy Mathis
Batting: SHB Justin Hensley 0-0: Called Strike
0-1: Called Strike
0-2: Strikes out swinging
Batting: RHB Dan Allred 0-0: Called Strike
0-1: Called Strike
0-2: Ball
1-2: DOUBLE (Flyball, 8RD, EV 98.1 MPH)
Batting: RHB Herb McIntyre 0-0: Swinging Strike
0-1: Ball
1-1: Swinging Strike
1-2: Strikes out looking
Batting: RHB Steve Errico 0-0: SINGLE (Groundball, 6D, EV 94.4 MPH)
Dan Allred to third
Runner from 3rd tries for Home, throw by CF and OUT! 8-2
Bottom of the 4th over - 0 runs, 2 hits, 0 errors, 1 left on base; Victoria 5 - Madison 1
TOP OF THE 5TH
Victoria Capitals batting - Pitching for Madison Brewers : RHP Nick Moore
Batting: SHB Ray Skogen 0-0: Called Strike
0-1: Ground out 4-3 (Groundball, 4M, EV 95.6 MPH)
Batting: LHB Addisu Nyamekye 0-0: Ball
1-0: Ball
2-0: Ball
3-0: Called Strike
3-1: Swinging Strike
3-2: Base on Balls
Batting: RHB Kinzo Yokoyama 0-0: Ball
Addisu Nyamekye steals 2nd base
1-0: Ball
2-0: Foul Ball, location: 2F
2-1: Fly out, F2 (Popup, 3SF, EV 80.6 MPH)
Batting: RHB Jose Zuniga 0-0: Fly out, F9 (Line Drive, 9, EV 88.1 MPH)
Top of the 5th over - 0 runs, 0 hits, 0 errors, 1 left on base; Victoria 5 - Madison 1
BOTTOM OF THE 5TH
Madison Brewers batting - Pitching for Victoria Capitals : LHP Andy Mathis
Batting: RHB Jesus Menjivar 0-0: Ball
1-0: Ball
2-0: Fly out, F8 (Flyball, 8RS, EV 81.9 MPH)
Batting: RHB Chris Maul 0-0: Ground out 6-3 (Groundball, 6, EV 106.9 MPH)
Batting: LHB Jason Raker 0-0: Called Strike
0-1: Swinging Strike
0-2: Strikes out swinging
Bottom of the 5th over - 0 runs, 0 hits, 0 errors, 0 left on base; Victoria 5 - Madison 1
TOP OF THE 6TH
Victoria Capitals batting - Pitching for Madison Brewers : RHP Nick Moore
Batting: RHB Victor Ramirez 0-0: Ball
1-0: Ball
2-0: Swinging Strike
2-1: Ball
3-1: Base on Balls
Batting: RHB David Greene 0-0: Ball
1-0: Called Strike
1-1: Foul Ball, location: 2F
1-2: Ball
2-2: Ball
3-2: Fly out, F7 (Flyball, 7S, EV 89.4 MPH)
Batting: RHB Julian Gregory 0-0: Ball
1-0: Ball
2-0: Called Strike
2-1: Ball
Victor Ramirez steals 2nd base
3-1: Base on Balls
Batting: RHB Enrique Valdez 0-0: Called Strike
0-1: Grounds into double play, 5-4-3 (Groundball, 5, EV 83.1 MPH)
Top of the 6th over - 0 runs, 0 hits, 0 errors, 1 left on base; Victoria 5 - Madison 1
BOTTOM OF THE 6TH
Madison Brewers batting - Pitching for Victoria Capitals : LHP Andy Mathis
Pitching: RHP Daniel Villalobos
Batting: LHB Adam Hill 0-0: Ball
1-0: Ball
2-0: Foul Ball, location: 2F
2-1: Ground out 6-3 (Groundball, 4M, EV 85.0 MPH)
Batting: LHB Tyler Francis 0-0: Called Strike
0-1: Ball
1-1: Ball
2-1: Called Strike
2-2: Fly out, F7 (Flyball, 7S, EV 81.2 MPH)
Batting: SHB Justin Hensley 0-0: Called Strike
0-1: Swinging Strike
0-2: SOLO HOME RUN (Flyball, 8LXD, EV 108.8 MPH), Distance : 458 ft
Batting: RHB Dan Allred 0-0: Ball
1-0: Called Strike
1-1: Ground out 5-3 (Groundball, 56S, EV 74.4 MPH)
Bottom of the 6th over - 1 run, 1 hit, 0 errors, 0 left on base; Victoria 5 - Madison 2
TOP OF THE 7TH
Victoria Capitals batting - Pitching for Madison Brewers : RHP Nick Moore
Batting: RHB Mike Conaway 0-0: Called Strike
0-1: SINGLE (Groundball, 34D, EV 105.0 MPH)
Batting: SHB Ray Skogen 0-0: Ball
1-0: Fly out, F9 (Flyball, 89D, EV 90.6 MPH)
Runner from 1st tags up, OUT at 2nd! 9-6
Batting: LHB Addisu Nyamekye 0-0: Ball
1-0: Ball
2-0: Ball
3-0: Base on Balls
Batting: RHB Kinzo Yokoyama 0-0: Ball
Addisu Nyamekye steals 2nd base
1-0: Swinging Strike
1-1: Ball
2-1: SINGLE (Groundball, 5S, EV 66.2 MPH) (infield hit)
Addisu Nyamekye to third
Batting: RHB Jose Zuniga 0-0: SINGLE (Flyball, 3D, EV 93.8 MPH)
Addisu Nyamekye scores
Kinzo Yokoyama to second
Runner from 2nd tries for 3rd, SAFE, throw by RF made to third
Batting: RHB Victor Ramirez 0-0: Swinging Strike
0-1: Ball
1-1: Swinging Strike
1-2: Ball
2-2: Ball
3-2: SINGLE (Line Drive, 7S, EV 101.2 MPH)
Kinzo Yokoyama scores
Jose Zuniga to second
Jose Zuniga to third
Batting: RHB David Greene 0-0: Ball
1-0: Fly out, F7 (Line Drive, 7D, EV 91.9 MPH)
Top of the 7th over - 2 runs, 4 hits, 0 errors, 2 left on base; Victoria 7 - Madison 2
BOTTOM OF THE 7TH
Madison Brewers batting - Pitching for Victoria Capitals : RHP Daniel Villalobos
Batting: RHB Herb McIntyre 0-0: Ball
1-0: Called Strike
1-1: Ball
2-1: Swinging Strike
2-2: Fly out, F6 (Popup, 6MS, EV 64.4 MPH)
Batting: RHB Steve Errico 0-0: Ground out U3 (Groundball, 13, EV 91.9 MPH)
Pinch Hitting: SHB Aaron Neill 0-0: Ball
1-0: Foul Ball, location: 2F
1-1: Fly out, F4 (Popup, 34S, EV 82.5 MPH)
Bottom of the 7th over - 0 runs, 0 hits, 0 errors, 0 left on base; Victoria 7 - Madison 2
TOP OF THE 8TH
Victoria Capitals batting - Pitching for Madison Brewers : RHP Nick Moore
Pitching: RHP Mario Lopez
Now in CF: Aaron Neill
Batting: RHB Julian Gregory 0-0: Ball
1-0: Foul Ball, location: 2F
1-1: Ball
2-1: DOUBLE (Line Drive, 78M, EV 101.2 MPH)
Batting: RHB Enrique Valdez 0-0: Ball
Balk!
Julian Gregory to third
1-0: Foul Ball, location: 2F
1-1: Swinging Strike
1-2: Foul Ball, location: 2F
1-2: Ball
2-2: Fly out, F7 (Flyball, 7LD, EV 96.2 MPH)
Runner from 3rd tags up, SCORES, no throw by LF
Batting: RHB Mike Conaway 0-0: Foul Ball, location: 2F
0-1: Swinging Strike
0-2: Ball
1-2: SOLO HOME RUN (Flyball, 7D, EV 93.1 MPH), Distance : 366 ft
Batting: SHB Ray Skogen 0-0: Hit by Pitch
Batting: LHB Addisu Nyamekye Balk!
Ray Skogen to second
0-0: Ball
1-0: Ball
2-0: Foul Ball, location: 2F
2-1: Ball
3-1: Base on Balls
Batting: RHB Kinzo Yokoyama 0-0: Ball
1-0: Fly out, F7 (Flyball, 7LM, EV 88.1 MPH)
Batting: RHB Jose Zuniga 0-0: Ball
1-0: Ball
2-0: Ball
3-0: Called Strike
3-1: Base on Balls
Ray Skogen to third
Addisu Nyamekye to second
Batting: RHB Victor Ramirez 0-0: Ball
1-0: Fly out, F9 (Flyball, 9LS, EV 86.9 MPH)
Top of the 8th over - 2 runs, 2 hits, 0 errors, 3 left on base; Victoria 9 - Madison 2
BOTTOM OF THE 8TH
Madison Brewers batting - Pitching for Victoria Capitals : RHP Daniel Villalobos
Pinch Hitting: SHB Orlando Torres 0-0: Ball
1-0: Ball
2-0: Ball
3-0: Called Strike
3-1: Fly out, F8 (Flyball, 8RS, EV 92.5 MPH)
Pinch Hitting: RHB Todd Massad 0-0: Ball
1-0: Ground out 6-3 (Groundball, 6, EV 103.8 MPH)
Batting: LHB Adam Hill 0-0: Ball
1-0: Foul Ball, location: 2F
1-1: Fly out, F7 (Flyball, 78S, EV 85.6 MPH)
Bottom of the 8th over - 0 runs, 0 hits, 0 errors, 0 left on base; Victoria 9 - Madison 2
TOP OF THE 9TH
Victoria Capitals batting - Pitching for Madison Brewers : RHP Mario Lopez
Now at 1B: Chris Riddel
Now in LF: Tyler Francis
Now in RF: Steven Donovan
Batting: RHB David Greene 0-0: Ball
1-0: Ground out 6-3 (Groundball, 6, EV 80.6 MPH)
Batting: RHB Julian Gregory 0-0: Ball
1-0: Ball
2-0: Called Strike
2-1: Hit by Pitch
Pinch Hitting: SHB Frank Amato 0-0: Ball
Julian Gregory steals 2nd base
1-0: Swinging Strike
1-1: Ball
2-1: Ball
3-1: Foul Ball, location: 2F
3-2: Foul Ball, location: 2F
3-2: SINGLE (Flyball, 7LS, EV 98.8 MPH)
Julian Gregory to third
Batting: RHB Mike Conaway 0-0: Ball
Wild Pitch!
Julian Gregory scores
Frank Amato to second
1-0: Ball
2-0: Ball
3-0: Base on Balls
Batting: SHB Ray Skogen 0-0: Ball
1-0: SINGLE (Groundball, 34S, EV 72.5 MPH) (infield hit)
Frank Amato to third
Mike Conaway to second
Batting: LHB Addisu Nyamekye 0-0: Ball
1-0: Ball
2-0: Called Strike
2-1: Ball
3-1: Base on Balls
Frank Amato scores
Mike Conaway to third
Ray Skogen to second
Batting: RHB Kinzo Yokoyama 0-0: Ball
1-0: Ball
2-0: Ball
3-0: Called Strike
3-1: SINGLE (Groundball, 56S, EV 68.8 MPH) (infield hit)
Mike Conaway scores
Ray Skogen to third
Addisu Nyamekye to second
Pitching: LHP Mark Backstrom
Batting: RHB Jose Zuniga 0-0: Ball
1-0: Ball
2-0: Foul Ball, location: 2F
2-1: Ball
3-1: Base on Balls
Ray Skogen scores
Addisu Nyamekye to third
Kinzo Yokoyama to second
Batting: RHB Victor Ramirez 0-0: Ball
1-0: Swinging Strike
1-1: SINGLE (Flyball, 56D, EV 89.4 MPH)
Addisu Nyamekye scores
Kinzo Yokoyama to third
Jose Zuniga to second
Batting: RHB David Greene Balk!
Kinzo Yokoyama scores
Jose Zuniga to third
Victor Ramirez to second
0-0: Ball
1-0: Called Strike
1-1: Ball
2-1: Foul Ball, location: 2F
2-2: Fly out, F9 (Flyball, 9LM, EV 76.2 MPH)
Runner from 3rd tags up, SCORES, throw by RF
Victor Ramirez to third
Batting: RHB Julian Gregory 0-0: Foul Ball, location: 2F
0-1: Fly out, F6 (Flyball, 6D, EV 90.6 MPH)
Top of the 9th over - 7 runs, 4 hits, 0 errors, 1 left on base; Victoria 16 - Madison 2
BOTTOM OF THE 9TH
Madison Brewers batting - Pitching for Victoria Capitals : RHP Daniel Villalobos
Now at 3B: Jason Kinney
Batting: LHB Tyler Francis 0-0: Ball
1-0: Ball
2-0: Foul Ball, location: 2F
2-1: Ball
3-1: Base on Balls
Pitching: RHP Frank Cabrera
Batting: SHB Justin Hensley 0-0: Called Strike
0-1: 2-RUN HOME RUN (Flyball, 89XD, EV 109.4 MPH), Distance : 433 ft
Pinch Hitting: SHB C.J. Olivares 0-0: Foul Ball, location: 2F
0-1: Fly out, F8 (Line Drive, 8LM, EV 105.0 MPH)
Batting: RHB Herb McIntyre 0-0: Called Strike
0-1: Ball
1-1: Swinging Strike
1-2: Ground out 5-3 (Groundball, 56, EV 87.5 MPH)
Batting: RHB Steve Errico 0-0: Called Strike
0-1: Called Strike
0-2: Strikes out swinging
Bottom of the 9th over - 2 runs, 1 hit, 0 errors, 0 left on base; Victoria 16 - Madison 4
Wednesday, June 22nd , 2022 - OOTP Baseball 23.4 Build 64